 Dungeon Sprint DCSS version 0.19-a0-1496-gfc80c20 (webtiles) character file.

8136 Promi the Bludgeoner (level 11, -3/111 HPs)
             Began as a Troll Berserker on Sept 10, 2016.
             Was a High Priest of Trog.
             Slain by a demonic crawler (10 damage)
             ... in the Dungeon (Sprint I: "Red Sonja").
             The game lasted 00:15:34 (933 turns).

Promi the Bludgeoner (Troll Berserker)               Turns: 933, Time: 00:15:34

Health: -3/111     AC: 10    Str: 30    XL:     11   Next: 5%
Magic:  10/10      EV: 15    Int:  4    God:    Trog [*****.]
Gold:   17         SH:  0    Dex:  9    Spells: 0 memorised, 10 levels left

rFire  . . .     SeeInvis .     p - +1 great mace (protect)
rCold  . . .     Gourm    +     n - +0 robe "Nierhen" {rElec rPois Str+3 Stlth-}
rNeg   . . .     Faith    .     (shield currently unavailable)
rPois  +         Spirit   .     (helmet restricted)
rElec  +         Dismiss  .     (no cloak)
rCorr  .         Reflect  .     (gloves unavailable)
MR     ++...     Harm     .     (boots unavailable)
Stlth  .......... NoTele   +    (no amulet)
                                (no ring)
                                (no ring)

@: exhausted, very slightly contaminated, regenerating, hasted and slowed
A: unfitting armour, claws 3, blurry vision 2, fast metabolism 3, frail 1,
gourmand, regeneration 1, shaggy fur 1, tough skin 2, weak 1, MP-powered wands
a: Berserk, Trog's Hand, Brothers in Arms, Burn Spellbooks, Renounce Religion


You were in the Dungeon.
You worshipped Trog.
Trog was extremely pleased with you.
You were near starving.

You visited 1 branch You collected 1084 gold pieces.
You spent 1067 gold pieces at shops.

Inventory:

Hand Weapons
 a - a +0 mace
 k - a +3 club
 l - a +0 giant club
 m - a +2 arbalest of flaming
 o - a +4 hand crossbow of freezing
 p - a +1 great mace of protection (weapon)
Armour
 b - a +0 animal skin
 n - the +0 robe "Nierhen" (worn) {rElec rPois Str+3 Stlth-}
   (You bought it in a shop in the Dungeon)

   It affects your strength (+3).
   It insulates you from electricity.
   It protects you from poison.
   It makes you less stealthy.
Scrolls
 j - 2 scrolls of identify
Potions
 d - 4 potions of curing
 g - 2 potions of magic
 h - a potion of berserk rage
Comestibles
 c - 3 bread rations
 q - 3 slices of pizza
 r - 3 beef jerkies
 s - 2 meat rations
 t - 5 fruits
 u - a royal jelly


   Skills:
 + Level 12.7 Fighting
 + Level 15.4 Maces & Flails
 + Level 12.0 Dodging
 + Level 2.1 Stealth


You had 10 spell levels left.
You didn't know any spells.

Dungeon Overview and Level Annotations

Branches:
Dungeon (1/1)

Altars:
Cheibriados
Dithmenos
Elyvilon
Fedhas
Gozag
Hepliaklqana
Kikubaaqudgha
Makhleb
Nemelex Xobeh
Okawaru
Qazlal
Ru
Sif Muna
Trog
Uskayaw
Vehumet
Xom
Yredelemnul
Zin
The Shining One
Jiyva
Lugonu

Shops:
D ![**[%[

Annotations:
D Sonja


Innate Abilities, Weirdness & Mutations

You are too large for most types of armour.
You have claws for hands.
Your metabolism is lightning-fast.
You like to eat raw meat.
Your natural rate of healing is unusually fast.
You are covered in fur. (AC +1)
You have very tough skin. (AC +2)
Scrolls take you longer to read.
You are frail. (-10% HP)
You are weak. (Str -2)
You expend magic power (3 MP) to strengthen your wands.


Message History

* * * LOW HITPOINT WARNING * * *
The demonic crawler hits you!
* * * LOW HITPOINT WARNING * * *
You feel better.
The demonic crawler closely misses you. x2
The demonic crawler hits you!
* * * LOW HITPOINT WARNING * * *
The demonic crawler hits you but does no damage.
The demonic crawler hits you.
* * * LOW HITPOINT WARNING * * *
The demonic crawler barely misses you.
Your skin crawls.
You feel resistant to hostile enchantments.
You are near starving!
The demonic crawler completely misses you.
The demonic crawler closely misses you. The demonic crawler hits you.
* * * LOW HITPOINT WARNING * * *
You start eating one of the 5 fruits.
The demonic crawler hits you but does no damage.
The demonic crawler hits you!
You die...

###################**************
..#..'..#__#..s§..#,,*,,,,+,,,,,,
..').#..'^.'..#ss.##+#,****,,,,,*
#'#####'#__####...'..#,*,***,,,**
..#...#.####§§#####..+,*+*,***+*,
###..##§#(§≈§§#§§#*+##**,,,*,*,**
__##'#..§§§§)§§§§#,,,,,*,,,***,,*
...'..._#≈§≈§§#s.#,,,,,+,,,,,**,*
__##_.#+##'#####@###,,,*,,,,,*,,*
__###'#,#.[..###.'§#,,,***++**,**
#####.####'###.###.#,,***,,***,,*
...'...'(....')∩##.#,,****,,***,,
####...###########§#*+*,,*,,*,***
.####.###,,,,,,,*#§#*,*,,,,,,,,,*
..#.#'#.#,,,,,,,,+§#***,,,,,,,,,*
..#.....#+++*****#§#,,+,,,,,,****
..#.....#,,,,,,,,#§#****,,,***,,,


You could see a demonic crawler.

Vanquished Creatures
  2 centaur warriors (D)
  A deep troll (D)
  An oklob plant (D)
  8 shining eyes (D)
  2 kobold demonologists (D)
  3 demonic crawlers (D)
  A slime creature (D)
  Sigmund (D)
  2 redbacks (D)
  A yak (D)
  5 giant eyeballs (D)
  A wasp (D)
  An ogre (D)
  A jelly (D)
  Ijyb (D)
  4 ballistomycetes (D)
35 creatures vanquished.

Vanquished Creatures (others)
  2 giant spores (D)
2 creatures vanquished.

Grand Total: 37 creatures vanquished

Notes
Turn   | Place    | Note
-------+----------+-------------------------------------------
     0 | D        | Promi the Troll Berserker began the quest for the Orb.
     0 | D        | Reached XP level 1. HP: 22/22 MP: 0/0
     1 | D        | Noticed Ijyb
    11 | D        | Killed Ijyb
    11 | D        | Reached skill level 4 in Maces & Flails
    11 | D        | Reached XP level 2. HP: 29/31 MP: 1/1
    18 | D        | Noticed an ogre
    28 | D        | Killed an ogre
    28 | D        | Reached skill level 5 in Fighting
    28 | D        | Reached skill level 5 in Maces & Flails
    28 | D        | Reached XP level 3. HP: 20/42 MP: 2/2
    28 | D        | Reached XP level 4. HP: 24/50 MP: 3/3
    82 | D        | Noticed Sigmund
    90 | D        | Killed Sigmund
    90 | D        | Reached ** piety under Trog
    90 | D        | Reached skill level 7 in Maces & Flails
    90 | D        | Reached XP level 5. HP: 61/61 MP: 4/4
    90 | D        | Reached XP level 6. HP: 68/68 MP: 5/5
   139 | D        | Found a burning altar of Makhleb.
   139 | D        | Found a viscous altar of Jiyva.
   139 | D        | Found a shimmering altar of Xom.
   139 | D        | Found a corrupted altar of Lugonu.
   139 | D        | Noticed a slime creature
   147 | D        | Killed a slime creature
   147 | D        | Reached skill level 8 in Maces & Flails
   196 | D        | Found a deep blue altar of Sif Muna.
   198 | D        | Found a radiant altar of Vehumet.
   224 | D        | Found Biacrierr's General Store.
   224 | D        | Found an ancient bone altar of Kikubaaqudgha.
   224 | D        | Found a hazy altar of Hepliaklqana.
   224 | D        | Found a hide-covered altar of Uskayaw.
   224 | D        | Found a basalt altar of Yredelemnul.
   224 | D        | Found an opulent altar of Gozag.
   224 | D        | Found a snail-covered altar of Cheibriados.
   224 | D        | Found a sacrificial altar of Ru.
   224 | D        | Found a shadowy altar of Dithmenos.
   224 | D        | Noticed a yak
   232 | D        | Killed a yak
   232 | D        | Reached *** piety under Trog
   232 | D        | Reached skill level 9 in Maces & Flails
   232 | D        | Reached XP level 7. HP: 49/80 MP: 6/6
   233 | D        | Found a stormy altar of Qazlal.
   233 | D        | Found a blossoming altar of Fedhas.
   233 | D        | Found a bloodstained altar of Trog.
   233 | D        | Found an iron altar of Okawaru.
   233 | D        | Found a glowing golden altar of the Shining One.
   233 | D        | Found a glowing silver altar of Zin.
   233 | D        | Found a white marble altar of Elyvilon.
   236 | D        | Found a sparkling altar of Nemelex Xobeh.
   240 | D        | Bought a scroll of magic mapping for 45 gold pieces
   284 | D        | Noticed a centaur warrior
   284 | D        | Noticed a centaur warrior
   291 | D        | Killed a centaur warrior
   291 | D        | Reached skill level 10 in Maces & Flails
   291 | D        | Reached skill level 1 in Stealth
   291 | D        | Reached XP level 8. HP: 82/92 MP: 7/7
   295 | D        | Killed a centaur warrior
   295 | D        | Reached skill level 10 in Fighting
   295 | D        | Reached skill level 11 in Maces & Flails
   295 | D        | Reached XP level 9. HP: 63/101 MP: 8/8
   303 | D        | Reached **** piety under Trog
   391 | D        | Noticed an oklob plant
   397 | D        | Killed an oklob plant
   397 | D        | Reached skill level 12 in Maces & Flails
   397 | D        | Reached skill level 10 in Dodging
   432 | D        | Reached ***** piety under Trog
   434 | D        | Noticed a deep troll
   442 | D        | Killed a deep troll
   451 | D        | Found Fudd's Armour Emporium.
   456 | D        | Bought the +0 robe "Nierhen" {rElec rPois Str+3 Stlth-} for 285 gold pieces
   538 | D        | Received a gift from Trog
   572 | D        | Noticed Sonja
   699 | D        | Found Saiddipi's Distillery.
   707 | D        | Bought a potion of curing for 36 gold pieces
   707 | D        | Bought a potion of curing for 36 gold pieces
   709 | D        | Noticed a shining eye
   709 | D        | Noticed a shining eye
   709 | D        | Noticed a shining eye
   709 | D        | Noticed a shining eye
   709 | D        | Noticed a shining eye
   709 | D        | Noticed a shining eye
   710 | D        | Paralysed by a giant eyeball for 2 turns
   711 | D        | Gained mutation: You are clumsy. (Dex -2) [a shining eye]
   712 | D        | Reached skill level 13 in Maces & Flails
   715 | D        | Gained mutation: You are weak. (Str -2) [a shining eye]
   717 | D        | Killed a shining eye
   717 | D        | Reached XP level 10. HP: 114/114 MP: 9/9
   717 | D        | Gained mutation: You are frail. (-10% HP) [a shining eye]
   719 | D        | Killed a shining eye
   721 | D        | Killed a shining eye
   721 | D        | Paralysed by a giant eyeball for 3 turns
   722 | D        | Gained mutation: Your spells are a little easier to cast, but a little less powerful. [a shining eye]
   726 | D        | Killed a shining eye
   726 | D        | Received a gift from Trog
   726 | D        | Reached skill level 14 in Maces & Flails
   726 | D        | Paralysed by a giant eyeball for 4 turns
   726 | D        | Gained mutation: Your body sometimes deteriorates upon taking damage. [a shining eye]
   728 | D        | Gained mutation: Scrolls take you a little longer to read. [a shining eye]
   729 | D        | Gained mutation: Armour fits poorly on your strangely shaped body. [a shining eye]
   731 | D        | Paralysed by a giant eyeball for 3 turns
   731 | D        | Gained mutation: You expend magic power (3 MP) to strengthen your wands. [a shining eye]
   733 | D        | Gained mutation: You occasionally shout uncontrollably at your foes. [a shining eye]
   739 | D        | Killed a shining eye
   741 | D        | Killed a shining eye
   743 | D        | Noticed a shining eye
   743 | D        | Noticed a shining eye
   748 | D        | Gained mutation: Scrolls take you longer to read. [a shining eye]
   749 | D        | Killed a shining eye
   750 | D        | Gained mutation: You are very weak. (Str -4) [a shining eye]
   757 | D        | Killed a shining eye
   757 | D        | Received a gift from Trog
   769 | D        | Found Ates Vih's Antique Armour Shop.
   769 | D        | Found Ynaotom's Food Boutique.
   770 | D        | Found Taaw's Antique Armour Shoppe.
   770 | D        | Found Methoxig's General Store.
   797 | D        | Bought a potion of cure mutation for 300 gold pieces
   797 | D        | Lost mutation: You are very weak. (Str -4) [potion of cure mutation]
   797 | D        | Lost mutation: Armour fits poorly on your strangely shaped body. [potion of cure mutation]
   797 | D        | Lost mutation: You are clumsy. (Dex -2) [potion of cure mutation]
   797 | D        | Lost mutation: Your body sometimes deteriorates upon taking damage. [potion of cure mutation]
   797 | D        | Lost mutation: Your spells are a little easier to cast, but a little less powerful. [potion of cure mutation]
   797 | D        | Lost mutation: You occasionally shout uncontrollably at your foes. [potion of cure mutation]
   812 | D        | Bought a slice of pizza for 16 gold pieces
   812 | D        | Bought a beef jerky for 16 gold pieces
   812 | D        | Bought a beef jerky for 16 gold pieces
   812 | D        | Bought a slice of pizza for 16 gold pieces
   812 | D        | Bought a meat ration for 55 gold pieces
   812 | D        | Bought a slice of pizza for 16 gold pieces
   812 | D        | Bought 5 fruits for 82 gold pieces
   812 | D        | Bought a bread ration for 55 gold pieces
   812 | D        | Bought a meat ration for 55 gold pieces
   812 | D        | Bought a royal jelly for 22 gold pieces
   812 | D        | Bought a beef jerky for 16 gold pieces
   848 | D        | Reached skill level 15 in Maces & Flails
   905 | D        | Received a gift from Trog
   908 | D        | Reached XP level 11. HP: 111/111 MP: 10/10
   931 | D        | HP: 5/111 [demonic crawler (4)]
   933 | D        | Slain by a demonic crawler

Vault maps used:
D:        dungeon_sprint_1

Skill      XL: |  1  2  3  4  5  6  7  8  9 10 11 |
---------------+----------------------------------+-----
Fighting       | 3 5 6 8 9 10 11 12 | 12.7
Maces & Flails | 4 5 7 9 10 11 13 15 | 15.4
Dodging        | 3 4 6 7 8 9 10 11 12 | 12.0
Stealth        | 1 2 |  2.1

Action                   |  1- 3 |  4- 6 |  7- 9 | 10-12 || total
-------------------------+-------+-------+-------+-------++-------
Melee: Mace              |     9 |       |       |       ||     9
       Club              |     9 |       |       |       ||     9
       Giant club        |       |    23 |    43 |    25 ||    91
       Great mace        |       |       |       |    19 ||    19
Invok: Berserk           |     1 |     2 |     4 |     2 ||     9
       Burn Spellbooks   |       |       |     2 |       ||     2
       Trog's Hand       |       |       |       |     1 ||     1
  Use: Scroll            |       |       |     1 |     2 ||     3
       Potion            |       |       |       |     4 ||     4
  Eat: Chunk             |       |     1 |     9 |       ||    10
       Bread ration      |       |       |     1 |       ||     1
Armor: Animal skin       |     2 |     2 |     3 |       ||     7
       Robe              |       |       |     3 |    32 ||    35
Dodge: Dodged            |     7 |    10 |    27 |    62 ||   106
